AoeStats
← Bazz

Arabia

509249419Analyzed
1v1 RM · 6d ago on Sep 26, 2026· 48m 34s· 2 players
Game mode
Random Map
Map size
Tiny (2 player)
Population
200
Speed
Normal
Resources
Standard
Victory
Conquest
Starting age
Dark Age
Ending age
Imperial Age
RankedLock teamsTeams togetherTeam positionsShared explorationLock speedFull tech treeHidden civsTurbo modeCheats
Victory
Defeat
🇨🇴 Chinese · Colombia
814
+16
🇦🇺 Persians · Australia
821
-16
Juliro
0:30 Loom
11:59 Feudal Age
12:42 Double-Bit Axe
19:54 Padded Archer Armor
19:45 Fletching
22:49 Castle Age
24:38 Wheelbarrow
24:00 Gold Mining
23:41 Crossbowman
24:33 Husbandry
26:09 Gold Shaft Mining
28:07 Bodkin Arrow
28:14 Scale Mail Armor
32:35 Bow Saw
32:26 Horse Collar
33:53 Thumb Ring
34:31 Sanctity
34:27 Fervor
37:01 Town Watch
40:28 Imperial Age
38:14 Hand Cart
38:29 Leather Archer Armor
38:30 Chain Mail Armor
38:25 Forging
39:35 Stone Mining
39:52 Squires
39:38 Arson
40:55 Ballistics
40:46 Masonry
40:42 Arbalester
40:48 Elite Fire Lancer
42:18 Iron Casting
41:43 Bracer
42:14 Ring Archer Armor
41:35 Pikeman
43:04 Conscription
45:20 Plate Mail Armor
45:51 Blast Furnace
45:04 Heavy Plow
47:10 Blast Furnace
48:42 Chemistry
48:14 Architecture
Bazz
11:54 Feudal Age
12:50 Horse Collar
12:58 Double-Bit Axe
20:07 Scale Mail Armor
22:36 Castle Age
20:46 Gold Mining
20:47 Stone Mining
24:11 Scale Barding Armor
24:32 Heavy Plow
24:49 Bow Saw
28:45 Kamandaran
29:22 Bloodlines
29:13 Husbandry
32:07 Squires
31:28 Pikeman
38:56 Wheelbarrow
42:18 Imperial Age
43:01 Hand Cart
42:53 Cavalier
43:57 Conscription
45:46 Chain Barding Armor
45:38 Forging
Connection lost

Rejoining the realm…

Still unreachable

The connection could not be restored.

Session expired

The server has moved on; the page needs a fresh start.